 Dungeon Crawl Stone Soup version 0.30-a0-840-ga523dec638 (webtiles) character file.

Game seed: 14918807803624390077

4424 Pimp the Protected (level 10, 0/89 HPs)
             Began as an Armataur Fighter on Mar 1, 2023.
             Was a Follower of Cheibriados.
             Slain by a spriggan
             ... wielding a +0 trident
              (10 damage)
             ... in a bailey.
             The game lasted 00:19:57 (7211 turns).

Pimp the Protected (Armataur Fighter)               Turns: 7211, Time: 00:19:58

Health: 0/89       AC: 32    Str: 28    XL:     10   Next: 14%
Magic:  10/10      EV:  4    Int: 12    God:    Cheibriados [*.....]
Gold:   524        SH:  6    Dex: 13    Spells: 9/9 levels left

rFire   + . .      SeeInvis .    a - +0 long sword (freeze)
rCold   . . .      Faith    .    c - +0 buckler
rNeg    + + .      Spirit   .    i - +0 chain mail
rPois   +          Reflect  .    C - +2 helmet
rElec   .          Harm     .    g - scarf {shadows}
rCorr   .          Roll     +    u - +1 pair of gloves
Will    .....      Clarity  +    f - +10 Black Knight's barding {ponderous, rPois rN+} Stlth
                                 (no amulet)
HPRegen 0.34/turn                y - ring of positive energy
MPRegen 0.12/turn                l - ring of protection from fire

@: mighty, very slow
A: large, rugged brown scales 3, deformed body, armoured tail, roll, long
tongue, awkward tongue, stinger 1, talons 1, clarity, mutation resistance 1
a: Renounce Religion, Bend Time


You were in a bailey.
You worshipped Cheibriados.
Cheibriados was aware of your devotion.
You visited 2 branches of the dungeon, and saw 10 of its levels.
You also visited: Bailey.

You collected 524 gold pieces.

Inventory:

Hand Weapons
 a - a +0 long sword of freezing (weapon)
 h - a +2 dagger of speed
Missiles
 m - 5 atropa-tipped darts
 n - 17 poisoned darts
 r - a throwing net
Armour
 c - a +0 buckler (worn)
 f - the +10 Black Knight's barding (worn) {ponderous, rPois rN+}
   (You acquired it on level 4 of the Dungeon)

   rPois:     It protects you from poison.
   rN:        It protects you from negative energy.
 g - a scarf of shadows (worn)
 i - a +0 chain mail (worn)
 u - a +1 pair of gloves (worn)
 C - a +2 helmet (worn)
Jewellery
 l - a ring of protection from fire (right hand)
 y - a ring of positive energy (left hand)
 G - a ring of flight
Wands
 x - a wand of light (7)
 A - a wand of flame (27) (quivered)
 D - a wand of polymorph (4)
Scrolls
 e - a scroll of silence
 o - a scroll of fear
 p - a scroll of noise
 q - a scroll of fog
 s - 4 scrolls of teleportation
 v - a scroll of immolation
 B - 3 scrolls of identify
Potions
 j - 2 potions of haste
 t - 2 potions of lignification
 w - a potion of ambrosia
 z - a potion of attraction
 E - 2 potions of cancellation
Miscellaneous
 d - a lightning rod (2/4)


   Skills:
 + Level 6.8 Fighting
 * Level 7.4 Long Blades
 * Level 10.1 Armour
 + Level 8.4 Shields


You had 9 spell levels left.
You didn't know any spells.
Your spell library contained the following spells:

 Spells                   Type           Power      Damage    Failure   Level
 Apportation              Tloc           0%         N/A       86%         1
 Kiss of Death            Conj/Necr      0%         2d5       86%         1
 Necrotise                Necr           0%         1d4       86%         1
 Summon Small Mammal      Summ           0%         N/A       86%         1
 Confusing Touch          Hex            0%         N/A       99%         3
 Gell's Gravitas          Tloc           0%         N/A       99%         3
 Ignite Poison            Fire/Tmut/Pois 0%         N/A       99%         3
 Kindle Blastsparks       Fire/Tloc/Air  0%         2d10      99%         3
 Portal Projectile        Hex/Tloc       0%         N/A       99%         3
 Teleport Other           Tloc           0%         N/A       99%         3
 Tukima's Dance           Hex            0%         N/A       99%         3
 Dispel Undead            Necr           0%         3d6       100%        4
 Passage of Golubria      Tloc           0%         N/A       100%        4
 Blade Hands              Tmut           0%         N/A       100%        5
 Freezing Cloud           Conj/Ice/Air   0%         6-21      100%        5
 Yara's Violent Unravell  Hex/Tmut       0%         3d3       100%        5
 Dispersal                Tloc           0%         N/A       100%        6


Dungeon Overview and Level Annotations

Branches:
Dungeon (9/15)             Temple (1/1) D:7          Bailey (1/1)
   Lair: D:8-11         Orc: D:9-12

Altars:
Ashenzari
Cheibriados
Dithmenos
Fedhas
Gozag
Kikubaaqudgha
Makhleb
Qazlal
Sif Muna
Wu Jian
Xom
Yredelemnul
The Shining One

Shops:
D:8 :


Innate Abilities, Weirdness & Mutations

You are completely covered in rugged brown scales. (AC +3, +7% HP)
Armour fits poorly on your strangely shaped body.
You have a long armoured tail.
You roll when moving toward enemies. (Rampage)
Your long tongue fully drains potion bottles. (2x potion effects)
Your tongue gives you trouble enunciating. (1.5x scroll delay)
Your tail ends in a venomous barb.
You have sharp toenails.
You possess an exceptional clarity of mind.
You are somewhat resistant to further mutation.


Message History

The spriggan hits you but does no damage.
The spriggan hits you from afar with a +0 trident.
The spriggan hits you with a +0 spear!
You closely miss the spriggan.
The spriggan hits you from afar with a +3 trident.
The spriggan barely misses you. x2
The spriggan hits you but does no damage.
You barely miss the spriggan.
Your tail-slap misses the spriggan.
You block the spriggan's attack. The spriggan hits you with a +0 spear.
The spriggan hits you from afar with a +0 trident.
* * * LOW HITPOINT WARNING * * *
The spriggan hits you but does no damage.
You slash the spriggan! You freeze the spriggan.
The spriggan is moderately wounded.
The spriggan hits you but does no damage. x3
The spriggan hits you with a +0 spear!
* * * LOW HITPOINT WARNING * * *
The spriggan hits you from afar with a +3 trident.
* * * LOW HITPOINT WARNING * * *
Blink to where?
Press: ? - help, Dir - move target As you slowly read the scroll of blinking, it crumbles to dust.
Things that are here:
a +0 halberd; an ogre corpse As you slowly read the scroll of fear, it crumbles to dust.
You assume a fearsome visage.
The spriggan resists with almost no effort.
The spriggan looks frightened! x3
The spriggan hits you but does no damage.
The spriggan mumbles, "Damn and blast!"; The spriggan cries, "Mercy!"
The spriggan hits you but does no damage.
Things that are here:
a +0 halberd; an ogre corpse The spriggan hits you but does no damage.
The spriggan hits you from afar with a +0 trident.
* * * LOW HITPOINT WARNING * * *
You block the spriggan's attack.
You enter the shallow water.
The spriggan hits you from afar with a +0 trident!
You die...

###.....###
##.........##
##...........##
#....∩...∩....#
##...........##
##.........##
###~~~~~###
#~~~~~#
##@~~~~##
##.......#
##.i.......#
##..#######..
##.)## #.
##.)## #..##
#..# #..#


You could see a spriggan.

Vanquished Creatures
  A two-headed ogre (D:8)
  Joseph (D:7)
  The ghost of oldplebian the Chopper, an amateur HOCA of Ignis (D:4)
  A troll (D:7)
  Grinder (D:3)
  Eustachio (D:6)
  A steam dragon (D:8)
  A water moccasin (D:7)
  An orc warrior (D:6)
  2 centaurs (D:5)
  4 ogres
  A phantom (D:7)
  A necrophage (D:6)
  4 scorpions
  4 bullfrogs
  2 gnoll sergeants
  5 wights (D:8)
  A crimson imp (D:5)
  An orc priest (D:8)
  4 hounds
  Crazy Yiuf (D:7)
  A jelly (D:5)
  Jessica (D:3)
  2 gnoll boudas
  2 iguanas (D:6)
  Natasha (D:4)
  4 orc wizards
  2 river rats (D:4)
  9 adders
  24 gnolls
  2 white imps
  An ufetubus (D:5)
  A worm (D:2)
  11 orcs
  8 ball pythons
  4 endoplasms (D:2)
  7 giant cockroaches
  4 goblins
  3 hobgoblins
  4 jackals
  11 kobolds
  2 quokkas
  6 bats
  2 frilled lizards
  2 rats
153 creatures vanquished.

Notes
Turn   | Place    | Note
-------+----------+-------------------------------------------
     0 | D:1      | Pimp the Armataur Fighter began the quest for the Orb.
     0 | D:1      | Reached XP level 1. HP: 19/19 MP: 1/1
   174 | D:1      | Reached XP level 2. HP: 26/26 MP: 2/2
   713 | D:2      | Reached skill level 4 in Armour
   887 | D:2      | Reached XP level 3. HP: 30/33 MP: 3/3
  1308 | D:2      | Reached XP level 4. HP: 40/40 MP: 4/4
  1766 | D:3      | Noticed Grinder
  1770 | D:3      | Paralysed by Grinder for 2 turns
  1776 | D:3      | Paralysed by Grinder for 2 turns
  1790 | D:3      | Paralysed by Grinder for 5 turns
  1801 | D:3      | Killed Grinder
  1802 | D:3      | Reached skill level 5 in Armour
  1802 | D:3      | Reached XP level 5. HP: 49/49 MP: 5/5
  1802 | D:3      | Reached XP level 6. HP: 55/55 MP: 6/6
  1978 | D:3      | Noticed Jessica
  1984 | D:3      | Killed Jessica
  2200 | D:4      | Noticed Natasha
  2228 | D:4      | Killed Natasha
  2389 | D:4      | Found a runed translucent door.
  2393 | D:4      | Noticed oldplebian's ghost (amateur HOCA)
  2398 | D:4      | Gained mutation: You occasionally lose the ability to read
                  | scrolls when taking damage. [potion of mutation]
  2398 | D:4      | Gained mutation: You have a pair of small antennae on your
                  | head. [potion of mutation]
  2398 | D:4      | Gained mutation: You passively dampen the noise of your
                  | surroundings. [potion of mutation]
  2399 | D:4      | Lost mutation: You have a pair of small antennae on your
                  | head. [potion of mutation]
  2399 | D:4      | Lost mutation: You occasionally lose the ability to read
                  | scrolls when taking damage. [potion of mutation]
  2399 | D:4      | Lost mutation: You passively dampen the noise of your
                  | surroundings. [potion of mutation]
  2399 | D:4      | Gained mutation: Your flesh is cold resistant. (rC+)
                  | [potion of mutation]
  2399 | D:4      | Gained mutation: You are covered in fur. (AC +1) [potion of
                  | mutation]
  2399 | D:4      | Gained mutation: You have a pair of small horns on your
                  | head. [potion of mutation]
  2443 | D:4      | Killed oldplebian's ghost
  2444 | D:4      | Reached skill level 5 in Shields
  2444 | D:4      | Reached XP level 7. HP: 35/64 MP: 7/7
  2610 | D:4      | Found a runed translucent door.
  2622 | D:4      | Identified a scroll of acquirement
  2627 | D:4      | Acquired the +10 Black Knight's barding {ponderous, rPois
                  | rN+}
  2627 | D:4      | Found the +10 Black Knight's barding {ponderous, rPois rN+}
  2749 | D:4      | You fall into a shaft and drop 1 floor!
  2749 | D:5      | Entered Level 5 of the Dungeon
  2776 | D:5      | Reached skill level 6 in Armour
  2987 | D:5      | Reached skill level 5 in Fighting
  2987 | D:5      | Reached XP level 8. HP: 45/72 MP: 8/8
  3481 | D:5      | Reached skill level 7 in Armour
  3919 | D:6      | HP: 3/72 [orc warrior/+0 halberd (7)]
  3922 | D:6      | Reached skill level 5 in Long Blades
  3927 | D:6      | HP: 5/109 [something (2)]
  4318 | D:6      | Noticed Eustachio
  4338 | D:6      | Killed Eustachio
  4596 | D:6      | Reached XP level 9. HP: 65/80 MP: 9/9
  4616 | D:6      | Reached skill level 8 in Armour
  5016 | D:7      | Found a staircase to the Ecumenical Temple.
  5016 | D:7      | Noticed a troll
  5023 | D:7      | Killed a troll
  5046 | Temple   | Entered the Ecumenical Temple
  5158 | Temple   | Became a worshipper of Cheibriados the Contemplative
  5461 | D:7      | Noticed Joseph
  5472 | D:7      | Killed Joseph
  5575 | D:7      | Reached skill level 9 in Armour
  5656 | D:7      | Found a runed translucent door.
  5657 | D:7      | Noticed Crazy Yiuf
  5677 | D:7      | Killed Crazy Yiuf
  6067 | D:8      | Reached * piety under Cheibriados
  6164 | D:8      | Found Ren Vah's Book Shoppe.
  6387 | D:8      | Lost mutation: Your flesh is cold resistant. (rC+) [potion
                  | of mutation]
  6387 | D:8      | Lost mutation: You have a pair of small horns on your head.
                  | [potion of mutation]
  6387 | D:8      | Lost mutation: You are covered in fur. (AC +1) [potion of
                  | mutation]
  6387 | D:8      | Gained mutation: Your tail ends in a venomous barb. [potion
                  | of mutation]
  6387 | D:8      | Gained mutation: You possess an exceptional clarity of
                  | mind. [potion of mutation]
  6387 | D:8      | Gained mutation: You are somewhat resistant to further
                  | mutation. [potion of mutation]
  6387 | D:8      | Gained mutation: You have sharp toenails. [potion of
                  | mutation]
  6395 | D:8      | Noticed a two-headed ogre
  6410 | D:8      | Killed a two-headed ogre
  6411 | D:8      | Reached skill level 10 in Armour
  6411 | D:8      | Reached XP level 10. HP: 60/89 MP: 10/10
  7100 | D:9      | Found a flagged portal.
  7126 | Bailey   | Entered a bailey
  7211 | Bailey   | Slain by a spriggan

Illustrated notes

Levels and vault maps discovered:
D:1:      zaba_arrival_water, layout_loops_ring, grunt_decor_fettered
D:2:      layout_basic, minmay_fractal_squares_gapless_5
D:3:      layout_rooms, minmay_shallow_snake_nest, uniq_jessica, uniq_grinder
D:4:      layout_loops_corners, minitemple, ebering_ghost_sewer_f, uniq_robin,
          uniq_natasha
D:5:      layout_loops_ring, hangedman_decor_slide_cut, glass_columns_b,
          minmay_fire_ice_demons
D:6:      layout_loops_ring, uniq_eustachio
D:7:      layout_rooms, minmay_temple_entry_crystal_x, abandoned_shop,
          corexii_item_surrounded_by_moat, uniq_joseph, uniq_crazy_yiuf_cottage
D:8:      layout_cave_pods, serial_shops, nicolae_shop_statue_plus
D:9:      layout_loops_corners, enter_bailey_2
Temple:   mainiacjoe_temple_cubbyholes
Bailey:   bailey_polearm_enchanted_keep_hellmonk, bailey

Skill      XL: |  1  2  3  4  5  6  7  8  9 |
---------------+----------------------------+-----
Long Blades    | 2 3 4 5 7 |  7.4
Armour         | 4 5 6 7 10 | 10.1
Fighting       | 3 4 5 6 |  6.8
Shields        | 4 5 6 7 8 |  8.4

Action                     |  1- 3 |  4- 6 |  7- 9 | 10-12 || total
---------------------------+-------+-------+-------+-------++-------
  Melee: Long sword        |    20 |    31 |   364 |    43 ||   458
         Tailslap          |    17 |    11 |    52 |     6 ||    86
         Dagger            |   129 |   101 |       |       ||   230
         Headbutt          |       |     5 |    70 |       ||    75
  Evoke: Lightning rod     |       |       |     7 |       ||     7
         Wand              |       |       |     2 |       ||     2
    Use: Potion            |       |    13 |     5 |     2 ||    20
         Scroll            |       |       |    14 |     4 ||    18
 Armour: Scale mail        |    18 |       |       |       ||    18
         Chain mail        |    58 |    39 |   308 |    64 ||   469
         Skin              |       |    21 |    34 |       ||    55
  Dodge: Dodged            |    39 |    17 |    82 |    11 ||   149
  Block: Buckler           |    11 |    18 |    99 |    19 ||   147

Table legend: (Time is in decaauts)
 A = Elapsed time spent in this place.
 B = Non-inter-level travel time spent in this place.
 C = Inter-level travel time spent in this place.
 D = Time resting spent in this place.
 E = Time spent auto-exploring this place.
 F = Levels seen in this place.
 G = Mean time per level.
                   A        B        C        D        E       F      G
               +--------+--------+--------+--------+--------+-----+--------+
         Total |   8045 |   7672 |    373 |   1206 |   4849 |  11 |  731.4 |
       Dungeon |   7692 |   7344 |    348 |   1206 |   4582 |   9 |  854.7 |
        Temple |    245 |    221 |     24 |      0 |    208 |   1 |  245.0 |
        Bailey |    107 |    107 |      0 |      0 |     59 |   1 |  107.0 |
               +--------+--------+--------+--------+--------+-----+--------+

Top non-repeatable levels by time:
     D:8: 1479 daAuts
     D:6: 1224 daAuts
     D:5: 1200 daAuts
     D:7: 964 daAuts
     D:2: 934 daAuts
     D:1: 617 daAuts
     D:3: 575 daAuts
     D:4: 568 daAuts
  Temple: 245 daAuts
     D:9: 127 daAuts
  Bailey: 107 daAuts
